 Dungeon Crawl Stone Soup version 0.21-a0-584-g185da8e (webtiles) character file.

201 vishdafish the Charmwright (level 5, -1/60 HPs)
             Began as a Demonspawn Skald on Dec 21, 2017.
             Slain by a wraith (6 damage)
             ... in an ossuary.
             The game lasted 00:05:53 (3977 turns).

vishdafish the Charmwright (Demonspawn Skald)       Turns: 3977, Time: 00:05:54

Health: -1/60      AC: 22    Str: 12    XL:     5   Next: 50%
Magic:  4/8        EV:  2    Int: 15    God:
Gold:   212        SH:  0    Dex: 12    Spells: 8/9 levels left

rFire    . . .     SeeInvis .   h - +0 spear (vamp)
rCold    . . .     Gourm    .   (no shield)
rNeg     + + +     Faith    .   (armour currently unavailable)
rPois    +         Spirit   .   (helmet currently unavailable)
rElec    .         Reflect  .   (cloak currently unavailable)
rCorr    .         Harm     .   (gloves currently unavailable)
MR       .....     NoTele   +   (boots currently unavailable)
Stlth    +.........             (no amulet)
HPRegen  0.20/turn              j - +1 ring of evasion
MPRegen  0.11/turn              (no ring)

@: tree-form (expiring), slowed, very slow
A: repulsion field 1, wild magic 1
a: no special abilities


You were in an ossuary.
You were not hungry.
You were a tree.
You visited 1 branch of the dungeon, and saw 4 of its levels.
You also visited: Ossuary.

You collected 212 gold pieces.

Inventory:

Hand Weapons
 a - a +0 spear
 h - a +0 vampiric spear (weapon)
Armour
 b - a +0 leather armour (melded)
 l - a +1 pair of boots (melded)
Jewellery
 f - a +4 ring of evasion
 j - a +1 ring of evasion (left branch)
 p - an uncursed ring of ice {unknown}
Wands
 s - a wand of iceblast (8)
Scrolls
 d - 5 scrolls of magic mapping
 e - a scroll of noise {unknown}
 g - 3 scrolls of remove curse
 k - a scroll of enchant armour
 m - 3 scrolls of teleportation
 q - 2 scrolls of blinking
 r - a scroll of fear {unknown}
 t - a scroll of immolation {unknown}
 u - a scroll of acquirement {unknown}
Potions
 o - a potion of mutation
 v - a potion of heal wounds {unknown}
 w - a potion of magic {unknown}
 x - 2 potions of curing {unknown}
Books
 c - a book of Battle

   Spells                             Type                      Level
   a - Infusion                       Charms                       1
   b - Shroud of Golubria             Charms/Translocation         2
   c - Song of Slaying                Charms                       2
   d - Spectral Weapon                Hexes/Charms                 3
   e - Regeneration                   Charms/Necromancy            3
Comestibles
 i - 3 rations


   Skills:
 + Level 2.8 Fighting
 + Level 3.1 Polearms
 + Level 2.1 Armour
 + Level 2.4 Dodging
 - Level 0.4 Stealth
 + Level 2.5 Spellcasting
 - Level 3.2 Charms


You had 8 spell levels left.
You knew the following spells:

 Your Spells              Type           Power        Failure   Level  Hunger
a - Infusion              Chrm           ###.         9%          1    #......


Dungeon Overview and Level Annotations

Branches:
Dungeon (4/15)
 Temple: D:4-7

Altars:
Gozag
Sif Muna
Zin


Innate Abilities, Weirdness & Mutations

You are surrounded by a mild repulsion field. (EV +2)
((Your flesh is heat resistant. (rF+)))
((Your system is resistant to poisons. (rPois)))
Your spells are a little harder to cast, but a little more powerful.


Message History

* * * LOW HITPOINT WARNING * * *
You hit the wraith but do no damage.
The wraith is almost destroyed.
The wraith hits you.
* * * LOW HITPOINT WARNING * * *
The wraith drains your vigour!
You feel as though you will be slow longer.
The wraith hits you but does no damage.
You closely miss the wraith.
The wraith is almost destroyed.
The wraith hits you but does no damage.
You hit the wraith but do no damage.
The wraith is almost destroyed.
Your transformation is almost over.
The wraith hits you but does no damage. The wraith hits you.
* * * LOW HITPOINT WARNING * * *
You hit the wraith but do no damage.
The wraith is almost destroyed.
The wraith hits you.
You die...

*,,,,,,,,,,,,,,,,,,,,,,,,,*
*,∩,,,,,,,,,,,,,,,,,,,,,∩,*
*,,,,,,,#****+**#*#,,,,,,,*
*,,,,,,*#.,,,,,,..##,,,,,,*
*,,,,,**...#####...**,,,,,*
*,,,,**,..##...##.,,**,,,,*
*,,,,*,,,##.!!!.##,,,*,,,,*
*,,,,',,,#..!??..+,,,+,,,,*
*,,,,*,,,##..?W♣##,,,*,,,,*
*,,,,**,..##...##...#*,,,,*
*,,,,,**...#####.,.##,,,,,*
*,,,,,,*#,,,...,..*#,,,,,,*
*,,,,,,,#####'#####,,,,,,,*
*,∩,,,,,...........,,,,,∩,*
*,,,,,,,,,.......,,,,,,,,,*
***********#'''#***********
####...####


You could see a wraith.

Vanquished Creatures
  Jessica (D:3)
  Natasha (thrice) (D:3)
  A mummy (Ossuary)
  4 adders
  An ooze (D:1)
  A worm (D:3)
  2 orcs (D:3)
  3 giant cockroaches
  2 goblins
  8 hobgoblins
  2 jackals (D:1)
  4 kobolds
  A quokka (D:2)
  2 bats (D:1)
  2 frilled lizards
  3 gnoll skeletons (Ossuary)
  A kobold skeleton (Ossuary)
  5 orc skeletons (Ossuary)
  3 rats
49 creatures vanquished.

Notes
Turn   | Place    | Note
-------+----------+-------------------------------------------
     0 | D:1      | vishdafish the Demonspawn Skald began the quest for the Orb.
     0 | D:1      | Reached XP level 1. HP: 16/16 MP: 3/3
    62 | D:1      | Reached skill level 1 in Armour
   220 | D:1      | Gained mutation: You are surrounded by a mild repulsion field. (EV +2) [demonic ancestry]
   220 | D:1      | Reached XP level 2. HP: 22/22 MP: 5/5
   751 | D:2      | Reached XP level 3. HP: 27/27 MP: 4/6
  1088 | D:2      | Found a deep blue altar of Sif Muna.
  1848 | D:3      | Noticed Natasha
  1860 | D:3      | Killed Natasha
  1860 | D:3      | Reached XP level 4. HP: 24/34 MP: 2/7
  1973 | D:3      | Noticed Jessica
  1988 | D:3      | Killed Jessica
  2428 | D:3      | Noticed Natasha
  2440 | D:3      | Killed Natasha
  2440 | D:3      | Reached XP level 5. HP: 22/39 MP: 1/8
  2790 | D:3      | Noticed Natasha
  2807 | D:3      | Gained mutation: Scrolls take you a little longer to read. [potion of mutation]
  2807 | D:3      | Gained mutation: You have sharp toenails. [potion of mutation]
  2811 | D:3      | Killed Natasha
  3086 | D:3      | Lost mutation: Scrolls take you a little longer to read. [potion of mutation]
  3086 | D:3      | Lost mutation: You have sharp toenails. [potion of mutation]
  3086 | D:3      | Gained mutation: Your flesh is heat resistant. (rF+) [potion of mutation]
  3086 | D:3      | Gained mutation: Your system is resistant to poisons. (rPois) [potion of mutation]
  3086 | D:3      | Gained mutation: Your spells are a little harder to cast, but a little more powerful. [potion of mutation]
  3558 | D:4      | Found a glowing silver altar of Zin.
  3558 | D:4      | Found an opulent altar of Gozag.
  3649 | D:4      | Found a sand-covered staircase.
  3657 | Ossuary  | Entered an ossuary
  3657 | Ossuary  | Noticed a wraith
  3657 | Ossuary  | Noticed a wraith
  3657 | Ossuary  | Noticed a wraith
  3948 | Ossuary  | Noticed a wraith
  3977 | Ossuary  | Slain by a wraith

Vault maps used:
D:1:      ncdulo_watergridlock, minmay_tetromino_o2
D:2:      old_standard_altar, first_ration
D:3:      grunt_ministairs_12, uniq_jessica, uniq_natasha
D:4:      grunt_temple_overflow_gold_and_silver, nicolae_ossuary_entry_monument
Ossuary:  ossuary_due_mausoleum

Skill      XL: |  1  2  3  4  5 |
---------------+----------------+-----
Armour         | 1 2 |  2.1
Polearms       | 2 3 |  3.1
Charms         | 3 |  3.2
Dodging        | 2 |  2.4
Fighting       | |  2.8
Stealth        | |  0.4
Spellcasting   | |  2.5

Action                   |  1- 3 |  4- 6 || total
-------------------------+-------+-------++-------
Melee: Spear             |   156 |   157 ||   313
 Cast: Infusion          |     7 |     8 ||    15
  Use: Potion            |       |     6 ||     6
       Scroll            |       |     5 ||     5
 Stab: Sleeping          |     2 |     1 ||     3
  Eat: Ration            |     1 |     2 ||     3
       Chunk             |     4 |     2 ||     6
Armor: Leather armour    |    24 |    19 ||    43
       Skin              |       |    25 ||    25
Dodge: Dodged            |    86 |   105 ||   191

Table legend:
 A = Spawn XP
 B = Non-spawn XP
 C = Spawn XP percentage of total XP
 D = Spawn monster count
 E = Non-spawn monster count
 F = Spawn count percentage of total count
 G = Total turns spent on level
                    A         B        C        D         E        F      G
               +---------+---------+-------+---------+---------+-------+---------
         Total |       0 |     288 |   0.0 |       0 |      49 |   0.0 |  3977
               +---------+---------+-------+---------+---------+-------+---------
           D:1 |       0 |      22 |   0.0 |       0 |      11 |   0.0 |   596
           D:2 |       0 |      26 |   0.0 |       0 |       8 |   0.0 |   659
           D:3 |       0 |     211 |   0.0 |       0 |      19 |   0.0 |  2283
           D:4 |       0 |       2 |   0.0 |       0 |       1 |   0.0 |   119
       Ossuary |       0 |      27 |   0.0 |       0 |      10 |   0.0 |   320
               +---------+---------+-------+---------+---------+-------+---------
